cohdb
Replays
Latest Replays
All Replays
Popular Replays
Top Player Replays
Match Explorer
How It Works
Community
CoH3 Stats
Reddit
Sign in to upload your games and track your stats! →
Sign in with Steam
Match 47367661
Unlisted
Match 47367661
Overview
Messages
Build Orders
End
Panzergrenadier Squad
Panzergrenadier Squad
Construct Light Support Kompanie
MG34 Team
Fire Support Elements
2.5-tonne Medical Truck
Pak 38 Anti-tank Gun Team
Flakvierling Half-track
Vehicle Survival Package
Construct Mechanized Kompanie
Selects Armored Support Battlegroup
Selects Salvage Kits
Selects Panzer Storm
Selects Veteran Gunners
254 Reconnaissance Tractor
Marder III Tank Destroyer
Panzerjäger Squad
Tungsten Core Ammunition
Panzergrenadier Squad
Rapid Advance
Selects Stuka Dive Bomb
Stuka Dive Bomb
Construct Panzerarmee Kommand
Panzergrenadier Squad
Stuka Dive Bomb
Selects Flammpanzer III Medium Tank
Armored Reserves
Veteran Squad Leaders
Stuka Dive Bomb
Tiger Heavy Tank
crywo1f
菁松老大
KeyOfSpectator
LeRag
0
0
Comments
sign in to comment!
No comments posted yet!